 Dungeon Crawl Stone Soup version 0.30-a0-40-gc6d0f036a7 (webtiles) character file.

Game seed: 11251483451888867295

2129 ytrimaz the Changer (level 9, 0/79 HPs)
             Began as an Octopode Transmuter on Aug 29, 2022.
             Was an Initiate of Ashenzari.
             Succumbed to a hornet's poison
             ... on level 8 of the Dungeon.
             The game lasted 00:07:46 (9681 turns).

ytrimaz the Changer (Octopode Transmuter)           Turns: 9681, Time: 00:07:47

Health: 0/79       AC:  1    Str:  8    XL:     9   Next: 30%
Magic:  18/19      EV: 16    Int: 18    God:    Ashenzari [......]
Gold:   342        SH:  0    Dex: 23    Spells: 11/21 levels left

rFire   . . .      SeeInvis .      - Unarmed
rCold   . . .      Faith    .    (no shield)
rNeg    . . .      Spirit   .    (helmet restricted)
rPois   .          Reflect  .    (no amulet)
rElec   .          Harm     .    a - ring "Share My Omission" {Dex+6, Self, Cun} (curse)
rCorr   +          Rampage  .    r - ring of resist corrosion
Will    .....                    (no ring)
Stlth   ..........               (no ring)
HPRegen 0.23/turn                (no ring)
MPRegen 0.16/turn                (no ring)
                                 (no ring)
                                 (no ring)

@: berserking (expiring), lethally poisoned (0 -> -2), very quick
A: almost no armour, amphibious, 8 rings, camouflage 1, gelatinous body 1,
(nimble swimmer 1), tentacles, agile 1, MP-powered wands, noise suppression
a: Renounce Religion, Curse Item, Shatter the Chains


You were on level 8 of the Dungeon.
You worshipped Ashenzari.
Ashenzari was noncommittal.
You visited 2 branches of the dungeon, and saw 9 of its levels.

You collected 342 gold pieces.

Inventory:

Missiles
 e - 2 throwing nets
Jewellery
 a - the cursed ring "Share My Omission" (left tentacle) {Dex+6, Self, Cun}
   (You found it on level 1 of the Dungeon)

   [ring of dexterity]

   Dex:       It affects your dexterity (+6).
   It has a curse which improves the following skills: Introspection: Fighting
   and Spellcasting.
   Cunning:   Dodging and Stealth.
 r - a ring of resist corrosion (right tentacle)
Wands
 k - a wand of flame (12)
 s - a wand of mindburst (4)
Scrolls
 b - 5 scrolls of enchant weapon
 c - 4 scrolls of blinking
 h - 4 scrolls of identify
 i - 2 scrolls of teleportation
 n - 3 scrolls of fog
 o - a scroll of enchant armour
 p - a scroll of silence
Potions
 d - a potion of might
 f - 2 potions of mutation
 j - a potion of magic
 m - 2 potions of resistance
 q - 2 potions of invisibility


   Skills:
 - Level 1.0(1.2) Fighting
 + Level 4.5(5.0) Dodging
 - Level 4.1 Unarmed Combat
 + Level 6.4(6.8) Spellcasting
 + Level 6.8 Transmutations
 - Level 4.0 Ice Magic
 - Level 4.0 Poison Magic


You had 11 spell levels left.
You knew the following spells:

 Your Spells              Type           Power      Damage    Failure   Level
a - Beastly Appendage     Tmut           60%        N/A       1%          1
b - Wereblood             Tmut           30%        N/A       1%          2
c - Spider Form           Tmut/Pois      25%        N/A       3%          3
d - Ice Form              Ice/Tmut       25%        N/A       12%         4

Your spell library contained the following spells:

 Spells                   Type           Power      Damage    Failure   Level
 Freeze                   Ice            80%        1d9       2%          1
 Frozen Ramparts          Ice            40%        1d7       6%          3
 Magic Dart               Conj           24%        1d4       11%         1
 Call Imp                 Summ           6%         N/A       17%         2
 Mephitic Cloud           Conj/Pois/Air  10%        N/A       19%         3
 Call Canine Familiar     Summ           6%         N/A       32%         3
 Inner Flame              Hex/Fire       6%         N/A       32%         3
 Portal Projectile        Hex/Tloc       12%        N/A       32%         3
 Hailstorm                Conj/Ice       13%        3d5       43%         4
 Summon Ice Beast         Ice/Summ       13%        N/A       43%         4
 Cause Fear               Hex            3%         N/A       73%         4
 Leda's Liquefaction      Hex/Erth       3%         N/A       73%         4
 Discord                  Hex            3%         N/A       100%        8


Dungeon Overview and Level Annotations

Branches:
Dungeon (8/15)             Temple (1/1) D:4
   Lair: D:8-11

Altars:
Ashenzari
Cheibriados
Elyvilon
Gozag
Hepliaklqana
Kikubaaqudgha
Makhleb
Nemelex Xobeh
Okawaru
Qazlal
Ru
Sif Muna
Trog
Uskayaw
Vehumet
Wu Jian
Xom
Yredelemnul
Zin
The Shining One

Shops:
D:4 ?   D:6 !

Annotations:
D:4 exclusion: sky beast
D:6 3 runed translucent doors, timneilson's ghost, novice GrFi


Innate Abilities, Weirdness & Mutations

You cannot wear most types of armour.
You are amphibious.
You can wear up to eight rings at the same time.
Your skin changes colour to match your surroundings (Stealth+).
Your rubbery body absorbs attacks. (AC +1, EV +1)
((You are camouflaged when in or above water. (Stealth+)))
You have tentacles for arms and can constrict up to eight enemies at once.
You are agile. (Dex +4, Str/Int -1)
You expend magic power (3 MP) to strengthen your wands.
You passively dampen the noise of your surroundings.


Message History

You struggle to resist.
The hornet stings you.
* * * LOW HITPOINT WARNING * * *
You can move again.
Unknown command.
You barely miss the hornet.
The hornet is severely wounded.
The hornet stings you.
* * * LOW HITPOINT WARNING * * *
You are lethally poisoned!
You shrug off the repeated paralysis!
Unknown command.
You barely miss the hornet.
The hornet is severely wounded.
* * * LOW HITPOINT WARNING * * *
You feel sick. The hornet closely misses you.
Unknown command.
You punch the hornet! You freeze the hornet.
You kill the hornet!
* * * LOW HITPOINT WARNING * * *
You feel sick.
Unknown command.
You closely miss the shadow imp. The shadow imp closely misses you.
You hit the shadow imp.
The shadow imp is heavily wounded.
* * * LOW HITPOINT WARNING * * *
You feel sick.
Unknown command.
You pummel the shadow imp!!
You kill the shadow imp!
You warm up again.
* * * LOW HITPOINT WARNING * * *
You feel sick.
Unknown command.
You are too berserk!
Unknown command.
Unknown command.
* * * LOW HITPOINT WARNING * * *
You feel sick.
You feel a strong urge to attack something.
You die...

.....+ # .....# ..
..... #####'##.#.# #
#........#.# .#
###..........# ..###
#..........###......
#...........@....#
#...###.#.#####?.#
#... #.#.##### #
#### #.#....<#
#.####### #^# #.#
#.#


There were no monsters in sight!

Vanquished Creatures
  A hornet (D:8)
  A shadow (D:7)
  4 black bears
  A sky beast (D:6)
  An ogre (D:5)
  2 scorpions
  8 wights
  An orc priest (D:5)
  3 hounds
  2 jellies
  Jessica (D:2)
  Natasha (thrice) (D:2)
  A gnoll bouda (D:3)
  4 iguanas
  An orc wizard (D:4)
  5 gnolls (D:3)
  8 adders
  2 shadow imps
  A white imp (D:5)
  3 ufetubi
  2 worms
  2 dart slugs (D:1)
  17 orcs
  10 ball pythons
  6 bats
  5 endoplasms
  A giant cockroach (D:4)
  4 goblins
  5 hobgoblins
  9 jackals
  8 kobolds
  4 quokkas
  A frilled lizard (D:1)
  5 rats
132 creatures vanquished.

Vanquished Creatures (others)
  25 plants
  2 withered plants (D:1)
27 creatures vanquished.

Grand Total: 159 creatures vanquished

Notes
Turn   | Place    | Note
-------+----------+-------------------------------------------
     0 | D:1      | ytrimaz the Octopode Transmuter began the quest for the
                  | Orb.
     0 | D:1      | Reached XP level 1. HP: 13/13 MP: 3/3
   214 | D:1      | Reached XP level 2. HP: 10/18 MP: 5/5
   785 | D:1      | Reached XP level 3. HP: 7/23 MP: 6/6
   788 | D:1      | Learned a level 2 spell: Wereblood
   792 | D:1      | Learned a level 3 spell: Spider Form
  1776 | D:1      | Reached skill level 1 in Poison Magic
  1852 | D:1      | Found a faded altar of an unknown god.
  2177 | D:2      | Noticed Jessica
  2181 | D:2      | Killed Jessica
  2182 | D:2      | Reached XP level 4. HP: 28/28 MP: 7/7
  2943 | D:2      | Noticed Natasha
  2948 | D:2      | Killed Natasha
  2949 | D:2      | Reached XP level 5. HP: 33/33 MP: 4/8
  3039 | D:2      | Noticed Natasha
  3046 | D:2      | Killed Natasha
  3070 | D:2      | Noticed Natasha
  3079 | D:2      | Killed Natasha
  3374 | D:3      | Reached XP level 6. HP: 30/38 MP: 8/10
  3384 | D:3      | Learned a level 4 spell: Ice Form
  3821 | D:3      | Identified the +0 spear "Xiohusm" {drain, rPois Dex+2
                  | Stlth-}
  4145 | D:3      | Noticed a black bear
  4161 | D:3      | Killed a black bear
  4162 | D:3      | Reached skill level 1 in Ice Magic
  4271 | D:4      | Noticed a sky beast
  4406 | D:4      | Found a staircase to the Ecumenical Temple.
  4422 | Temple   | Entered the Ecumenical Temple
  4587 | Temple   | Became a worshipper of Ashenzari the Shackled
  4709 | D:4      | Found a snail-covered altar of Cheibriados.
  5321 | D:4      | Reached XP level 7. HP: 43/43 MP: 12/12
  5770 | D:4      | Gained mutation: You are clumsy. (Dex -2) [mutagenic glow]
  5885 | D:4      | Found Xoxteh's Magic Scroll Shop.
  6476 | D:5      | Entered Level 5 of the Dungeon
  6895 | D:5      | Found a radiant altar of Vehumet.
  6938 | D:5      | Lost mutation: You are clumsy. (Dex -2) [potion of
                  | mutation]
  6938 | D:5      | Gained mutation: You are agile. (Dex +4, Str/Int -1)
                  | [potion of mutation]
  6938 | D:5      | Gained mutation: You expend magic power (3 MP) to
                  | strengthen your wands. [potion of mutation]
  6938 | D:5      | Gained mutation: You passively dampen the noise of your
                  | surroundings. [potion of mutation]
  7006 | D:5      | Reached XP level 8. HP: 38/48 MP: 12/15
  7010 | D:5      | Reached skill level 5 in Transmutations
  7519 | D:5      | Reached skill level 5 in Spellcasting
  7865 | D:6      | Found a runed translucent gate.
  7865 | D:6      | Found a runed translucent gate.
  7865 | D:6      | Found a runed translucent gate.
  7867 | D:6      | Noticed timneilson's ghost (novice GrFi)
  7880 | D:6      | Identified the +2 chain mail "Qekk" {-Tele Will++ Dex+2
                  | Stlth+}
  7957 | D:6      | Identified the +2 scale mail of the Abyss {rElec}
  7963 | D:6      | Found Plog's Distillery.
  8786 | D:7      | Noticed a shadow
  8799 | D:7      | Killed a shadow
  8805 | D:7      | Reached XP level 9. HP: 39/53 MP: 13/18
  9119 | D:7      | Found an iron altar of Okawaru.
  9531 | D:7      | Found a hide-covered altar of Uskayaw.
  9658 | D:8      | Noticed a hornet
  9663 | D:8      | Paralysed by a hornet for 3 turns
  9667 | D:8      | HP: 2/63 [hornet (10)]
  9670 | D:8      | Paralysed by a hornet for 3 turns
  9675 | D:8      | Killed a hornet
  9675 | D:8      | HP: 4/94 [poisoned by a hornet]
  9679 | D:8      | HP: 1/79 [poisoned by a hornet]
  9681 | D:8      | Succumbed to a hornet's poison

Illustrated notes

Levels and vault maps discovered:
D:1:      minmay_arrival_arboretum_small, layout_basic,
          shapermc_ecumenical_altar_flowoftime, nicolae_hexahallways,
          minmay_pentomino_r4
D:2:      layout_rooms, minmay_fractal_squares_gapless_5, uniq_jessica,
          uniq_natasha
D:3:      layout_basic, nicolae_grassy_gnolls
D:4:      layout_basic, kennysheep_mini, minmay_temple_entry_hall, serial_shops,
          shop
D:5:      layout_loops_cross, mainiacjoe_overflow_boulevard
D:6:      layout_cave_pools, biasface_ghost_orc_armoury, serial_shops, shop
D:7:      layout_basic, nicolae_overflow_hidden_temple, okawaru_gym_becter
D:8:      layout_basic, dpeg_oklobed_lair, hangedman_decor_points, hex_tiny
Temple:   eino_temple_rhombus

Skill      XL: |  1  2  3  4  5  6  7  8  9 |
---------------+----------------------------+-----
Unarmed Combat | 4 |  4.1
Poison Magic   | 2 4 |  4.0
Transmutations | 3 4 6 |  6.8
Spellcasting   | 3 4 5 6 |  6.4
Ice Magic      | 2 4 |  4.0
Dodging        | 3 4 |  4.5
Fighting       | |  1.0

Action                   |  1- 3 |  4- 6 |  7- 9 || total
-------------------------+-------+-------+-------++-------
Melee: Unarmed           |    91 |   114 |   192 ||   397
       Tentacles         |    16 |     7 |     9 ||    32
       Kick              |     2 |     2 |       ||     4
       Constrict         |    22 |    16 |    11 ||    49
       Punch             |     7 |     5 |     1 ||    13
 Cast: Beastly Appendage |     5 |     2 |     1 ||     8
       Spider Form       |       |    13 |    23 ||    36
       Wereblood         |       |     1 |     2 ||     3
       Ice Form          |       |     1 |     8 ||     9
Invok: Curse Item        |       |       |     1 ||     1
 Abil: End Transformatio |       |     1 |       ||     1
  Use: Scroll            |     4 |     8 |     4 ||    16
       Potion            |     1 |     5 |     6 ||    12
 Stab: Sleeping          |     5 |     1 |     5 ||    11
       Invisible         |       |     4 |       ||     4
Armor: Skin              |    36 |     8 |    13 ||    57
Dodge: Dodged            |    53 |    87 |   159 ||   299

Table legend: (Time is in decaauts)
 A = Elapsed time spent in this place.
 B = Non-inter-level travel time spent in this place.
 C = Inter-level travel time spent in this place.
 D = Time resting spent in this place.
 E = Time spent auto-exploring this place.
 F = Levels seen in this place.
 G = Mean time per level.
                   A        B        C        D        E       F      G
               +--------+--------+--------+--------+--------+-----+--------+
         Total |   9655 |   9505 |    150 |    836 |   7461 |   9 | 1072.8 |
       Dungeon |   9483 |   9359 |    124 |    836 |   7328 |   8 | 1185.4 |
        Temple |    171 |    145 |     26 |      0 |    133 |   1 |  171.0 |
               +--------+--------+--------+--------+--------+-----+--------+

Top non-repeatable levels by time:
     D:4: 2393 daAuts
     D:1: 2094 daAuts
     D:3: 1084 daAuts
     D:2: 1069 daAuts
     D:5: 1027 daAuts
     D:7: 932 daAuts
     D:6: 815 daAuts
  Temple: 171 daAuts
     D:8: 65 daAuts
